 Dungeon Crawl Stone Soup version 0.29-a0-314-gb00dd7cb4b (webtiles) character file.

Game seed: 11729854286788988734

7690 Flugkiller the Nimble (level 11, 53/53 HPs)
             Began as a Felid Enchanter on Mar 29, 2022.
             Was a Follower of Uskayaw.
             Quit the game on level 5 of the Lair of Beasts.
             The game lasted 00:47:51 (29466 turns).

Flugkiller the Nimble (Felid Enchanter)            Turns: 29466, Time: 00:47:52

Health: 53/53      AC:  3    Str:  4    XL:     11   Next: 0%
Magic:  19/19      EV: 29    Int: 29    God:    Uskayaw [*.....]
Gold:   1341       SH:  0    Dex: 21    Spells: 0/20 levels left
                                        Lives:  0   Deaths: 4

rFire   . . .      SeeInvis +     - Unarmed
rCold   + . .      Faith    .   (shield unavailable)
rNeg    . . .      Spirit   +   (body armour unavailable)
rPois   .          Reflect  .   (helmet unavailable)
rElec   .          Harm     .   (cloak unavailable)
rCorr   .          Rampage  .   (gloves unavailable)
Will    +....                   (boots unavailable)
Stlth   ++++......              G - amulet of guardian spirit
HPRegen 0.17/turn               f - +6 ring of intelligence
MPRegen 0.16/turn               i - +6 ring of intelligence

@: quick
A: very small, claws 1, fangs 3, see invisible, speed 1, shaggy fur 3, stealthy
paws, no weapons or thrown items, no armour, multi-lived
a: Renounce Religion, Stomp


You were on level 5 of the Lair of Beasts.
You worshipped Uskayaw.
Uskayaw was aware of your devotion.
You visited 3 branches of the dungeon, and saw 18 of its levels.
You also visited: Bailey and Gauntlet.

You collected 1396 gold pieces.
You spent 55 gold pieces at shops.

Inventory:

Jewellery
 b - a ring of resist corrosion
   (You found it on level 5 of the Dungeon)
 f - a +6 ring of intelligence (left paw)
   (You found it on level 1 of the Dungeon)
 i - a +6 ring of intelligence (right paw)
   (You found it on level 2 of the Dungeon)
 G - an amulet of guardian spirit (around neck)
   (You found it on level 2 of the Lair of Beasts)
 H - the amulet "Otuom" {Reflect Int+4 SH+5}
   (You found it in a Gauntlet)

   [amulet of reflection]

   It reflects blocked missile attacks.
   Int:       It affects your intelligence (+4).
   SH:        It affects your SH (+5).
 J - a ring of ice
   (You found it on level 4 of the Lair of Beasts)
 K - the ring of the Ethereal Orange {rC+ SInv}
   (You took it off a minotaur in a Gauntlet)

   [ring of see invisible]

   rC:        It protects you from cold.
   SInv:      It lets you see invisible.
Wands
 o - a wand of polymorph (19)
   (You found it on level 9 of the Dungeon)
 v - a wand of flame (2)
   (You found it on level 6 of the Dungeon)
 x - a wand of paralysis (4)
   (You found it on level 6 of the Dungeon)
 B - a wand of charming (3)
   (You found it on level 10 of the Dungeon)
 E - a wand of iceblast (15)
   (You found it on level 8 of the Dungeon)
 L - a wand of acid (8)
   (You found it in a Gauntlet)
Scrolls
 e - a scroll of holy word
 g - 3 scrolls of amnesia
 l - 5 scrolls of vulnerability
 m - 5 scrolls of fear
 n - 2 scrolls of silence
 r - 2 scrolls of identify
 s - 4 scrolls of immolation
 t - 8 scrolls of teleportation
 u - 2 scrolls of summoning
 w - a scroll of fog
 y - 3 scrolls of magic mapping
 z - a scroll of blinking
Potions
 a - a potion of invisibility
 c - 2 potions of flight
 d - 2 potions of might
 h - 3 potions of haste
 j - 3 potions of lignification
 k - 10 potions of brilliance
 p - 5 potions of mutation
 q - 6 potions of curing
 C - 2 potions of magic {unknown}
 D - a potion of attraction {unknown}
 F - a potion of cancellation {unknown}
 I - a potion of ambrosia {unknown}
Miscellaneous
 A - a tin of tremorstones (inert)
   (You found it on level 9 of the Dungeon)


   Skills:
 - Level 9.0 Fighting
 - Level 13.0 Dodging
 - Level 9.0 Stealth
 - Level 10.0 Unarmed Combat
 - Level 5.0 Spellcasting
 - Level 6.0 Conjurations
 - Level 10.0 Hexes
 + Level 4.9 Necromancy
 - Level 3.0 Ice Magic
 + Level 4.4 Earth Magic
 - Level 8.0 Invocations
 - Level 3.0 Evocations


You couldn't memorise any spells.
You knew the following spells:

 Your Spells              Type           Power      Damage    Failure   Level
a - Ensorcelled Hibernat  Hex/Ice        88%        N/A       1%          2
b - Tukima's Dance        Hex            60%        N/A       1%          3
c - Confusing Touch       Hex            60%        N/A       1%          3
d - Fulminant Prism       Conj/Hex       26%        3d14      2%          4
e - Borgnjor's Vile Clut  Necr/Erth      17%        N/A       26%         5
f - Dazzling Flash        Conj/Hex       100%       N/A       1%          3

Your spell library contained the following spells:

 Spells                   Type           Power      Damage    Failure   Level
 Foxfire                  Conj/Fire      96%        2x1d8     1%          1
 Freeze                   Ice            96%        1d11      1%          1
 Magic Dart               Conj           100%       1d8       1%          1
 Searing Ray              Conj           84%        2d7       1%          2
 Inner Flame              Hex/Fire       36%        N/A       2%          3
 Leda's Liquefaction      Hex/Erth       24%        N/A       3%          4
 Conjure Flame            Conj/Fire      24%        6-21      5%          3
 Frozen Ramparts          Ice            48%        1d6       5%          3
 Animate Dead             Necr           17%        N/A       9%          4
 Hailstorm                Conj/Ice       33%        3d8       10%         4
 Call Canine Familiar     Summ           7%         N/A       19%         3
 Teleport Other           Tloc           7%         N/A       19%         3
 Flame Wave               Conj/Fire      24%        2d7       19%         4
 Iskenderun's Mystic Bla  Conj/Tloc      24%        2d7       19%         4
 Agony                    Necr           35%        N/A       22%         5
 Death Channel            Necr           17%        N/A       77%         6
 Alistair's Intoxication  Tmut/Pois      4%         N/A       86%         5
 Starburst                Conj/Fire      12%        6d5       95%         6
 Eringya's Noxious Bog    Tmut/Pois      3%         N/A       100%        6
 Infestation              Necr           17%        N/A       100%        8
 Portal Projectile        Hex/Tloc       Unusable   N/A       N/A         3

Dungeon Overview and Level Annotations

Branches:
Dungeon (11/15)            Temple (1/1) D:6            Lair (6/6) D:11
 Shoals (0/4) Lair:2        Snake (0/4) Lair:3        Slime (0/5) Lair:5
    Orc (0/2) D:9          Bailey (visited)         Gauntlet (visited)

Altars:
Ashenzari
Elyvilon
Fedhas
Gozag
Kikubaaqudgha
Nemelex Xobeh
Okawaru
Ru
Sif Muna
Uskayaw
Xom
Zin
The Shining One
Beogh
Jiyva

Shops:
D:3 !   D:8 (

Annotations:
D:11 Gastronok
Lair:2 1 runed translucent door, Cam Moxe's ghost, journeyman OgHu


Innate Abilities, Weirdness & Mutations

You have sharp claws.
You have razor-sharp teeth.
You have supernaturally acute eyesight. (SInv)
You cover ground quickly. (Speed+)
Your thick and shaggy fur keeps you warm. (AC +3, rC+)
Your paws help you pounce on unaware monsters.
You are incapable of wielding weapons or throwing items.
You cannot wear armour.
You gain extra lives every three experience levels.


Message History

Your fulminant prism crackles loudly.
Your fulminant prism explodes!
The blast of energy engulfs the catoblepas!!
The catoblepas is severely wounded.
The catoblepas stomps with a crash on the ground.
The seven-headed hydra roars!
You hear a bellow! x2; You hear a bleat! x2
You hear a bellow! x3; You hear a bleat!
There is a stone staircase leading up here.
You climb upwards.
There is a stone staircase leading down here.
A death yak is nearby!
A death yak is nearby!
The death yak bellows!
Okay, then.
Okay, then.
There is a stone staircase leading up here.
You climb upwards.
There is a stone staircase leading down here.
You start resting.
HP restored.
You start resting.
Magic restored.
Memorise Dazzling Flash, consuming 3 spell levels and leaving 1?
You start memorising the spell.
You continue memorising. x3
You finish memorising.
Spell assigned to 'f'.
You climb downwards.
There is a stone staircase leading up here.
Casting: Fulminant Prism (dangerous; 2% risk of failure)
Confirm with . or Enter, or press ? or * to list all spells.
Press: ? - help, v - describe, . - travel
Here: a death yak The floor.
Unknown command.
Unknown command.
Casting: Dazzling Flash (safe; 1% risk of failure)
Press: ? - help, Q - select action, (/) - cycle Dir - look around, f - activate Look: a death yak (chance to dazzle: 39%)
Okay, then.
Unknown command.
Casting: Dazzling Flash (safe; 1% risk of failure)
Confirm with . or Enter, or press ? or * to list all spells.
Casting: Dazzling Flash (safe; 1% risk of failure)
Confirm with . or Enter, or press ? or * to list all spells.
The death yak misses you.
Casting: Dazzling Flash (safe; 1% risk of failure)
Confirm with . or Enter, or press ? or * to list all spells.
The death yak is dazzled.
The death yak completely misses you.
You barely miss the death yak.
You claw the death yak, but do no damage.
You bite the death yak, but do no damage.
The death yak is no longer blind.
You claw the death yak!
The death yak is lightly wounded.
The death yak completely misses you.
You scratch the death yak but do no damage.
You claw the death yak.
You bite the death yak, but do no damage.
The death yak is lightly wounded.
The death yak gores you!!
You claw the death yak! x2
The death yak is moderately wounded.
The death yak completely misses you.
You can now pass through a line of other dancers.
Casting: Dazzling Flash (safe; 1% risk of failure)
Confirm with . or Enter, or press ? or * to list all spells.
Casting: Dazzling Flash (safe; 1% risk of failure)
Confirm with . or Enter, or press ? or * to list all spells.
The death yak is dazzled.
The death yak completely misses you.
You can no longer pass through a line of other dancers.
You catch the helpless death yak completely off-guard!
You eviscerate the death yak!!!
The death yak is severely wounded.
You can now pass through a line of other dancers.
The death yak bellows!
You scratch the death yak but do no damage.
The death yak is severely wounded.
The death yak barely misses you.
You scratch the death yak.
The death yak is severely wounded.
You scratch the death yak but do no damage.
The death yak is severely wounded.
The death yak is no longer blind.
The death yak gores you!
You can no longer pass through a line of other dancers.
The six-headed hydra bites you! The six-headed hydra misses you.
The six-headed hydra completely misses you.
The six-headed hydra bites you but does no damage.
The six-headed hydra bites you.
* * * LOW HITPOINT WARNING * * *
The six-headed hydra bites you!
* * * LOW HITPOINT WARNING * * *
The six-headed hydra completely misses you.
The six-headed hydra closely misses you.
The six-headed hydra bites you.
You die...
The six-headed hydra misses you.
The six-headed hydra closely misses you.
The six-headed hydra misses you.
You are now level 11!
You rejoin the land of the living...
Are you sure you want to abandon this character and quit the game? (Confirm with "yes".)

#.#..................
#....................
#.#..................
##...................
##..................
#...................
##..................
#...................
#.<@................
#...................
##................##
#................##.
#.##...#.....#######
#######.#.#.##
#######


There were no monsters in sight!

Vanquished Creatures
  Rupert (Lair:6)
  A minotaur (Gauntlet)
  3 hydras
  2 two-headed ogres
  7 death yaks
  Erica (Lair:2)
  A sixfirhy (Gauntlet)
  A wizard (D:10)
  6 black mambas
  4 elephants
  A torpor snail (Lair:5)
  6 cane toads
  Maggie (Lair:2)
  An unseen horror (D:11)
  2 rime drakes
  9 komodo dragons
  4 polar bears
  A hornet (D:9)
  3 meliai (Gauntlet)
  Prince Ribbit (D:7)
  A dancing weapon (Gauntlet)
  A centaur simulacrum (D:11)
  A vampire (D:11)
  A water elemental (D:11)
  A shadow (D:11)
  A wraith (D:11)
  3 wyverns
  20 yaks
  2 steam dragons
  3 basilisks
  2 nagas
  12 water moccasins
  3 acid dragons
  3 ice beasts
  A sky beast (D:7)
  A small abomination (Gauntlet)
  A meliai simulacrum (D:11)
  8 orc warriors
  3 black bears
  14 wolves
  An ogre (D:5)
  5 centaurs
  A phantom (D:6)
  7 kobold brigands
  11 bullfrogs
  A necrophage (D:5)
  2 scorpions
  6 killer bees
  4 howler monkeys
  2 electric eels (D:11)
  A crimson imp (D:10)
  3 hounds
  2 jellies
  7 orc priests
  3 gnoll shamans
  5 iguanas
  5 orc wizards
  11 adders
  16 gnolls
  2 shadow imps
  An ufetubus (D:3)
  4 worms (D:2)
  5 dart slugs
  47 orcs
  4 bats (D:2)
  10 endoplasms
  7 giant cockroaches
  7 goblins
  2 hobgoblins (D:4)
  3 jackals (D:2)
  4 quokkas
  4 ball pythons
  3 frilled lizards
  47 kobolds
  8 rats
389 creatures vanquished.

Vanquished Creatures (collateral kills)
  A naga (Lair:3)
  3 orcs
4 creatures vanquished.

Vanquished Creatures (others)
  8 dancing weapons
  A bush (Lair:1)
  14 demonic plants (Gauntlet)
  37 fulminant prisms
  62 fungi
  89 plants
211 creatures vanquished.

Grand Total: 604 creatures vanquished

Notes
Turn   | Place    | Note
-------+----------+-------------------------------------------
     0 | D:1      | Flugkiller the Felid Enchanter began the quest for the Orb.
     0 | D:1      | Reached XP level 1. HP: 7/7 MP: 4/4
   199 | D:1      | Reached skill level 1 in Fighting
   224 | D:1      | Reached XP level 2. HP: 10/12 MP: 6/6
   331 | D:1      | Learned a level 2 spell: Ensorcelled Hibernation
  1226 | D:2      | Reached skill level 3 in Dodging
  1240 | D:2      | Reached XP level 3. HP: 15/15 MP: 7/7
  2073 | D:2      | Reached XP level 4. HP: 19/19 MP: 8/8
  2554 | D:3      | Found Gaypsoy's Distillery.
  2910 | D:3      | Bought a potion of heal wounds for 55 gold pieces
  2930 | D:3      | Reached skill level 4 in Dodging
  3004 | D:3      | Found a faded altar of an unknown god.
  3377 | D:3      | Learned a level 3 spell: Confusing Touch
  3627 | D:4      | Reached XP level 5. HP: 22/22 MP: 9/9
  4057 | D:4      | Reached skill level 5 in Stealth
  4732 | D:4      | Gained mutation: You are covered in thick fur. (AC +2)
                  | [Felid growth]
  4732 | D:4      | Reached XP level 6. HP: 26/26 MP: 5/10
  5748 | D:4      | Reached skill level 1 in Ice Magic
  6358 | D:5      | Entered Level 5 of the Dungeon
  6381 | D:5      | Reached skill level 5 in Dodging
  6381 | D:5      | Reached XP level 7. HP: 25/31 MP: 8/11
  7092 | D:5      | Reached skill level 5 in Unarmed Combat
  7166 | D:5      | Noticed a wyvern
  7172 | D:5      | Killed a wyvern
  7173 | D:5      | Reached skill level 6 in Dodging
  7203 | D:5      | Found a glowing golden altar of the Shining One.
  7515 | D:5      | Identified the +10 spear of the Fray {vamp, Str-2 Dex+5}
  7560 | D:5      | Reached XP level 8. HP: 36/36 MP: 9/12
  7782 | D:6      | Found a staircase to the Ecumenical Temple.
  8026 | Temple   | Entered the Ecumenical Temple
  8058 | Temple   | Became a worshipper of Uskayaw the Reveller
  8096 | D:6      | Reached * piety under Uskayaw
  8137 | D:6      | Reached skill level 5 in Hexes
  8137 | D:6      | Reached skill level 1 in Invocations
  8523 | D:5      | Reached ** piety under Uskayaw
  9170 | D:6      | Identified the +2 spear "Asatino" {protect, rCorr}
  9253 | D:6      | Reached skill level 7 in Dodging
  9624 | D:7      | Found a flagged portal.
  9629 | D:7      | Noticed Prince Ribbit
  9632 | D:7      | Reached skill level 5 in Fighting
  9635 | D:7      | Reached XP level 9. HP: 38/40 MP: 4/13
  9651 | D:7      | Killed Prince Ribbit
  9652 | D:7      | Reached skill level 8 in Dodging
  9660 | Bailey   | Entered a bailey
 10045 | Bailey   | Learned a level 3 spell: Tukima's Dance
 10132 | D:7      | HP: 1/40 [asphyx]
 10626 | D:7      | Reached *** piety under Uskayaw
 10631 | D:7      | Reached **** piety under Uskayaw
 10634 | D:7      | Reached skill level 9 in Dodging
 11134 | D:8      | Found a shimmering blue altar of Sif Muna.
 11170 | D:8      | Noticed a two-headed ogre
 11185 | D:8      | Found Yluso's Weapon Shop.
 11226 | D:8      | Found a sparkling altar of Nemelex Xobeh.
 11227 | D:8      | Found a blossoming altar of Fedhas.
 12396 | D:8      | Found a shimmering blue altar of Sif Muna.
 12438 | D:8      | Found a blossoming altar of Fedhas.
 12442 | D:8      | Found a sparkling altar of Nemelex Xobeh.
 12514 | D:8      | Found Yluso's Weapon Shop.
 12836 | D:8      | Found Yluso's Weapon Shop.
 12875 | D:8      | Found a sparkling altar of Nemelex Xobeh.
 12876 | D:8      | Found a blossoming altar of Fedhas.
 12883 | D:8      | Found a shimmering blue altar of Sif Muna.
 13132 | D:8      | Killed a two-headed ogre
 13441 | D:9      | Reached XP level 10. HP: 44/44 MP: 12/15
 13456 | D:9      | Found a staircase to the Orcish Mines.
 13508 | D:9      | Reached skill level 5 in Invocations
 14893 | D:10     | Entered Level 10 of the Dungeon
 15245 | D:10     | Noticed a wizard
 15251 | D:10     | Killed a wizard
 15957 | D:11     | Reached skill level 10 in Dodging
 16057 | D:11     | Noticed Gastronok
 16171 | D:11     | Reached skill level 11 in Dodging
 16176 | D:11     | Learned a level 4 spell: Fulminant Prism
 16642 | D:11     | Reached skill level 1 in Conjurations
 16994 | D:11     | Found a staircase to the Lair.
 17308 | D:11     | Reached XP level 11. HP: 12/48 MP: 14/17
 17741 | D:11     | Reached skill level 10 in Hexes
 18147 | D:11     | Noticed a two-headed ogre
 18583 | D:11     | Killed a two-headed ogre
 18745 | Lair:1   | Entered Level 1 of the Lair of Beasts
 18785 | Lair:1   | HP: 2/48 [wolf (2)]
 18785 | Lair:1   | Slain by a wolf
 18786 | Lair:1   | Reached XP level 10. HP: -2/45 MP: 17/17
 18831 | Lair:1   | Reached ***** piety under Uskayaw
 18835 | Lair:1   | Slain by a black mamba
 18836 | Lair:1   | Reached XP level 9. HP: -3/41 MP: 2/16
 18836 | Lair:1   | Noticed a cane toad
 18849 | Lair:1   | Killed a cane toad
 18850 | Lair:1   | Reached skill level 5 in Conjurations
 19318 | Lair:1   | Killed a komodo dragon
 19709 | Lair:1   | Killed a black mamba
 19710 | Lair:1   | Reached XP level 10. HP: 45/45 MP: 14/17
 19762 | Lair:2   | Found a staircase to the Shoals.
 19775 | Lair:2   | Noticed a cane toad
 20049 | Lair:2   | Noticed a cane toad
 20056 | Lair:2   | Killed a cane toad
 20156 | Lair:2   | Killed a cane toad
 20548 | Lair:2   | Noticed Erica
 20555 | Lair:2   | Killed Erica
 20595 | Lair:2   | Found a runed translucent door.
 20600 | Lair:2   | Noticed Cam Moxe's ghost (journeyman OgHu)
 20746 | Lair:2   | Noticed Maggie
 20756 | Lair:2   | Killed Maggie
 21143 | Lair:3   | Found a staircase to the Snake Pit.
 21395 | Lair:3   | Reached XP level 11. HP: 33/50 MP: 1/18
 21608 | Lair:3   | Reached skill level 12 in Dodging
 22268 | Lair:3   | Noticed a death yak
 22270 | Lair:3   | Noticed a death yak
 22271 | Lair:3   | Noticed a death yak
 22271 | Lair:3   | Noticed a death yak
 22273 | Lair:3   | Killed a death yak
 22346 | Lair:3   | Killed a death yak
 22703 | Lair:3   | Killed a death yak
 23595 | Lair:2   | Killed a death yak
 23795 | Lair:3   | Identified the +9 battleaxe of the Jocular God {flame,
                  | *Slow rN+ SInv}
 24123 | Lair:4   | Noticed a four-headed hydra
 24177 | Lair:4   | Reached skill level 13 in Dodging
 24431 | Lair:4   | Noticed a six-headed hydra
 24839 | Lair:4   | Killed a six-headed hydra
 24868 | Lair:4   | Gained mutation: Your thick and shaggy fur keeps you warm.
                  | (AC +3, rC+) [Felid growth]
 24868 | Lair:4   | Reached XP level 12. HP: 45/56 MP: 3/19
 24996 | Lair:4   | Reached skill level 10 in Unarmed Combat
 25029 | Lair:4   | Killed a four-headed hydra
 25776 | Lair:5   | Reached skill level 1 in Evocations
 25790 | Lair:5   | Reached ****** piety under Uskayaw
 25888 | Lair:4   | Learned a level 5 spell: Borgnjor's Vile Clutch
 26009 | Lair:5   | Noticed a death yak
 26010 | Lair:5   | Noticed a death yak
 26012 | Lair:5   | Noticed a death yak
 26050 | Lair:5   | Noticed a four-headed hydra
 26052 | Lair:5   | Killed a death yak
 26053 | Lair:5   | Reached skill level 1 in Necromancy
 26584 | Lair:4   | Killed a death yak
 26585 | Lair:4   | Reached skill level 1 in Earth Magic
 26796 | Lair:5   | Noticed a six-headed hydra
 27136 | Lair:5   | Found a viscous altar of Jiyva.
 27136 | Lair:5   | Found a staircase to the Slime Pits.
 27240 | Lair:5   | Killed a four-headed hydra
 27274 | Lair:5   | Killed a death yak
 27275 | Lair:5   | Reached skill level 5 in Spellcasting
 27642 | Lair:6   | Entered Level 6 of the Lair of Beasts
 27647 | Lair:6   | Noticed a catoblepas
 27651 | Lair:6   | Noticed a death yak
 27779 | Lair:6   | Found a gate leading to a gauntlet.
 27782 | Lair:6   | Noticed Rupert
 27792 | Lair:6   | Killed Rupert
 27795 | Gauntlet | Entered a Gauntlet
 27795 | Gauntlet | Found a transporter.
 27795 | Gauntlet | Found a transporter.
 27799 | Gauntlet | Found a transporter.
 27799 | Gauntlet | Found a transporter.
 27807 | Gauntlet | Noticed a reaper
 27823 | Gauntlet | Found a transporter.
 27833 | Gauntlet | Found a transporter.
 27833 | Gauntlet | Found a transporter.
 27857 | Gauntlet | Found a transporter.
 27864 | Gauntlet | Found a transporter.
 27876 | Gauntlet | Found a transporter.
 27898 | Gauntlet | Found a transporter.
 27933 | Gauntlet | Found a transporter.
 27948 | Gauntlet | Found a transporter.
 28039 | Gauntlet | Found a transporter.
 28048 | Gauntlet | Found a transporter.
 28050 | Gauntlet | Noticed a cacodemon
 28064 | Gauntlet | Found a transporter.
 28363 | Gauntlet | Identified the amulet "Otuom" {Reflect Int+4 SH+5}
 28435 | Gauntlet | Identified the +1 chain mail of Okawaru's Regard {*Slow
                  | rF++ rN+ Regen+}
 28435 | Gauntlet | Identified the ring of the Ethereal Orange {rC+ SInv}
 28435 | Gauntlet | Noticed a minotaur
 28472 | Gauntlet | Killed a minotaur
 28607 | Gauntlet | Got the Compendium of Black Arts and Orientation
 28944 | Lair:6   | Noticed a death yak
 28945 | Lair:6   | Noticed a death yak
 28948 | Lair:6   | Noticed a death yak
 28984 | Lair:6   | Reached XP level 13. HP: 60/60 MP: 7/21
 29009 | Lair:5   | Slain by a death yak
 29010 | Lair:5   | Reached XP level 12. HP: -2/57 MP: 0/20
 29307 | Lair:6   | Noticed a seven-headed hydra
 29417 | Lair:4   | Learned a level 3 spell: Dazzling Flash
 29461 | Lair:5   | Slain by a six-headed hydra
 29462 | Lair:5   | Reached XP level 11. HP: 0/53 MP: 0/19
 29466 | Lair:5   | Quit the game

Illustrated notes

Levels and vault maps discovered:
D:1:      wheals_arrival_shading, layout_basic, roderic_roman_lattice,
          columned_hall_lemuel, minmay_vboxes
D:2:      layout_rooms, dk_vineyard_1, hangedman_glass_teeth
D:3:      layout_basic, serial_shops, nicolae_shop_hallway_stairs,
          ebering_ecumenical_altar_sacrificial
D:4:      layout_rooms, chequers_serial_rivers_room_a, minmay_misc_feat_ornament
D:5:      layout_basic, tso_oasis_becter, lightli_ossuary_entry_decrepit_ruins,
          corexii_item_surrounded_by_moat
D:6:      layout_basic, minmay_temple_entry_junction_2
D:7:      layout_rooms, enter_bailey_2, uniq_prince_ribbit1
D:8:      layout_basic, nicolae_sif_muna_condensation,
          grunt_temple_overflow_open, serial_shops, shop
D:9:      layout_small_grid, david_orc_5
D:10:     layout_roguey, lightli_wizard_tower
D:11:     layout_gridville, grunt_lair_entry_orc_guard_hut, serial_ice,
          serial_ice_k, serial_ice_e, serial_ice_d, serial_ice_f, serial_ice_g,
          serial_bayou_pond_c, uniq_gastronok
Temple:   mainiacjoe_temple_coin_purse
Lair:1:   layout_regular_city, grunt_megastairs_2, serial_bayou_shore_b
Lair:2:   layout_long_grid, minmay_shoals_entry_centaurs,
          ebering_ghost_reflecting_pool, uniq_maggie, uniq_erica
Lair:3:   layout_regular_city, guppyfry_snake_entry_island
Lair:4:   layout_hall_layers, serial_bayou_pond_e, st_stairs_11
Lair:5:   layout_cave_pods, dpeg_slime_entry_enclosed_altar
Lair:6:   grunt_lair_end_beastmaster, layout_small_grid, gauntlet_entry_generic,
          nicolae_lair_yak_garden, serial_bayou_shore_a, uniq_rupert

Skill      XL: |  1  2  3  4  5  6  7  8  9 10 11 12 |
---------------+-------------------------------------+-----
Fighting       | 1 2 3 4 5 7 8 9 |  9.0
Unarmed Combat | 2 4 5 6 8 9 10 | 10.0
Dodging        | 3 4 5 6 7 9 11 13 | 13.0
Stealth        | 6 7 8 9 |  9.0
Ice Magic      | 1 2 3 |  3.0
Hexes          | 6 7 9 10 | 10.0
Invocations    | 3 4 6 7 8 |  8.0
Spellcasting   | 3 4 5 |  5.0
Conjurations   | 6 4 3 |  6.0
Evocations     | 3 |  3.0
Necromancy     | 4 |  4.9
Earth Magic    | 4 |  4.4

Action                   |  1- 3 |  4- 6 |  7- 9 | 10-12 | 13-15 || total
-------------------------+-------+-------+-------+-------+-------++-------
Melee: Unarmed           |    96 |   121 |   259 |   525 |    11 ||  1012
       Bite              |     9 |     8 |    34 |    76 |     1 ||   128
       Punch             |     4 |     5 |    15 |    38 |     1 ||    63
 Cast: Ensorcelled Hiber |    12 |    56 |    95 |   164 |       ||   327
       Confusing Touch   |       |     1 |     8 |    35 |     1 ||    45
       Tukima's Dance    |       |       |     9 |    16 |       ||    25
       Fulminant Prism   |       |       |       |    37 |       ||    37
       Dazzling Flash    |       |       |       |     6 |       ||     6
       Borgnjor's Vile C |       |       |       |     1 |       ||     1
Invok: Stomp             |       |       |       |     2 |       ||     2
Evoke: Wand              |       |       |       |    33 |       ||    33
       Tin of tremorston |       |       |       |     3 |       ||     3
  Use: Scroll            |       |     7 |    10 |    10 |       ||    27
       Potion            |       |     2 |     3 |     3 |       ||     8
 Stab: Sleeping          |    22 |    37 |    58 |    84 |       ||   201
       Invisible         |       |     2 |       |     1 |       ||     3
       Confused          |       |       |     9 |    26 |       ||    35
       Paralysed         |       |       |     1 |    15 |       ||    16
Armor: Skin              |     3 |    10 |    12 |    22 |       ||    47
Dodge: Dodged            |    56 |   107 |   277 |   597 |     6 ||  1043

Table legend: (Time is in decaauts)
 A = Elapsed time spent in this place.
 B = Non-inter-level travel time spent in this place.
 C = Inter-level travel time spent in this place.
 D = Time resting spent in this place.
 E = Time spent auto-exploring this place.
 F = Levels seen in this place.
 G = Mean time per level.
                   A        B        C        D        E       F      G
               +--------+--------+--------+--------+--------+-----+--------+
         Total |  26351 |  25454 |    897 |  11813 |   8122 |  20 | 1317.6 |
       Dungeon |  16395 |  15857 |    538 |   7770 |   5023 |  11 | 1490.5 |
        Temple |     33 |     27 |      6 |      0 |     16 |   1 |   33.0 |
          Lair |   8720 |   8368 |    352 |   3431 |   2865 |   6 | 1453.3 |
        Bailey |    437 |    437 |      0 |    289 |      0 |   1 |  437.0 |
      Gauntlet |    764 |    764 |      0 |    322 |    217 |   1 |  764.0 |
               +--------+--------+--------+--------+--------+-----+--------+

Top non-repeatable levels by time:
     D:3: 2292 daAuts
  Lair:2: 2258 daAuts
     D:8: 1993 daAuts
    D:11: 1893 daAuts
  Lair:4: 1832 daAuts
  Lair:3: 1689 daAuts
    D:10: 1606 daAuts
     D:9: 1438 daAuts
     D:1: 1422 daAuts
     D:6: 1401 daAuts
  Lair:5: 1399 daAuts
     D:4: 1289 daAuts
     D:2: 1218 daAuts
  Lair:1: 1126 daAuts
     D:5: 1053 daAuts
